 Dungeon Crawl Stone Soup version 0.29-a0-106-g0a07039d5a (webtiles) character file.

Game seed: 13471809940886149740

248 Gildeon the Chopper (level 5, -9/45 HPs)
             Began as a Minotaur Fighter on Feb 16, 2022.
             Mangled by an ogre (25 damage)
             ... on level 3 of the Dungeon.
             The game lasted 00:02:59 (2318 turns).

Gildeon the Chopper (Minotaur Fighter)              Turns: 2318, Time: 00:03:00

Health: -9/45      AC:  6    Str: 23    XL:     5   Next: 86%
Magic:  4/4        EV:  9    Int:  5    God:
Gold:   189        SH:  5    Dex: 15    Spells: 4/4 levels left

rFire   . . .      SeeInvis .   a - +0 war axe
rCold   . . .      Faith    .   c - +0 buckler
rNeg    . . .      Spirit   .   b - +0 scale mail
rPois   .          Reflect  .   (helmet restricted)
rElec   .          Harm     .   (no cloak)
rCorr   .          Rampage  .   (no gloves)
Will    .....                   (no boots)
Stlth   ..........              (no amulet)
HPRegen 0.15/turn               i - ring of wizardry
MPRegen 0.09/turn               j - +6 ring of dexterity

@: no status effects
A: horns 2, retaliatory headbutt
a: no special abilities


You were on level 3 of the Dungeon.
You visited 1 branch of the dungeon, and saw 3 of its levels.

You collected 189 gold pieces.

Inventory:

Hand Weapons
 a - a +0 war axe (weapon)
 m - a +0 flail
Armour
 b - a +0 scale mail (worn)
 c - a +0 buckler (worn)
Jewellery
 h - a ring of wizardry
 i - a ring of wizardry (left hand)
 j - a +6 ring of dexterity (right hand)
Scrolls
 d - a scroll of holy word {unknown}
 f - a scroll of enchant weapon {unknown}
 l - a scroll of identify
Potions
 e - a potion of flight
 g - a potion of heal wounds


   Skills:
 - Level 3.6 Fighting
 + Level 7.5 Axes
 - Level 3.6 Armour
 - Level 3.6 Shields


You had 4 spell levels left.
You didn't know any spells.
Your spell library contained the following spells:

 Spells                   Type           Power      Damage    Failure   Level
 Blink                    Tloc           0%         N/A       67%         2
 Lesser Beckoning         Tloc           0%         N/A       87%         3
 Manifold Assault         Tloc           0%         N/A       100%        5


Dungeon Overview and Level Annotations

Branches:
Dungeon (3/15)

Altars:
Hepliaklqana


Innate Abilities, Weirdness & Mutations

You have a pair of horns on your head.
You reflexively headbutt those who attack you in melee.


Message History

You slash the gnoll!
You kill the gnoll!
Things that are here:
a +0 flail; a gnoll corpse
Things that are here:
a +0 club; a +0 halberd; a gnoll corpse
Things that are here:
a +0 whip; a gnoll corpse
Found 25 bolts.
Found an escape hatch in the floor.
There is an escape hatch in the floor here.
You now have 189 gold pieces (gained 7).
A rat comes into view.
A rat is nearby!
An ogre comes into view. It is wielding a +0 giant club.
Found a whip.
The ogre shouts!
An orc comes into view. It is wielding a +0 flail.
The orc shouts!
You closely miss the rat. The rat closely misses you.
You barely miss the ogre. You barely miss the rat.
The ogre hits you with a +0 giant club!!
Ouch! That really hurt!
You block the rat's attack.
You slash the ogre!
The ogre is moderately wounded.
You slash the rat!
You kill the rat!
The ogre hits you with a +0 giant club.
* * * LOW HITPOINT WARNING * * *
You feel better. The ogre closely misses you. You furiously retaliate!
You headbutt the ogre! You slash the ogre!
The ogre is severely wounded.
You block the ogre's attack. The orc hits you but does no damage.
You hit the ogre.
The ogre is almost dead.
You barely miss the orc.
The ogre hits you with a +0 giant club!!
Ouch! That really hurt!
You die...

#.#..#.#.###.## #
#.###........# #.##
).###.#.###.#.######)##
^.... #.##.#......))..
....###......#####.##
#..#.##.#.## #.#
#.........# #.##
#o..#####.# #... #@..#
.# #### #†#O.# # ##
..##..# ##. .... .....
#.# #.### ####.# ##. #
.# ## #.# # #.# #.# #.#
#.#


You could see an ogre and an orc.

Vanquished Creatures
  Sigmund (D:2)
  4 gnolls (D:3)
  2 adders
  2 worms (D:2)
  An orc (D:3)
  5 ball pythons
  3 endoplasms (D:1)
  6 goblins
  2 hobgoblins
  4 quokkas
  5 bats
  3 frilled lizards (D:1)
  2 kobolds
  2 rats
42 creatures vanquished.

Notes
Turn   | Place    | Note
-------+----------+-------------------------------------------
     0 | D:1      | Gildeon the Minotaur Fighter began the quest for the Orb.
     0 | D:1      | Reached XP level 1. HP: 19/19 MP: 0/0
    94 | D:1      | Reached skill level 3 in Axes
   262 | D:1      | Reached XP level 2. HP: 23/26 MP: 1/1
  1083 | D:2      | Reached skill level 4 in Axes
  1099 | D:2      | Found a faded altar of an unknown god.
  1308 | D:2      | Found a hazy altar of Hepliaklqana.
  1362 | D:2      | Reached XP level 3. HP: 18/31 MP: 2/2
  1921 | D:2      | Noticed Sigmund
  1929 | D:2      | Killed Sigmund
  1930 | D:2      | Reached skill level 6 in Axes
  1930 | D:2      | Reached XP level 4. HP: 39/39 MP: 3/3
  1930 | D:2      | Reached XP level 5. HP: 45/45 MP: 4/4
  1962 | D:3      | Reached skill level 7 in Axes
  2311 | D:3      | Noticed an ogre
  2318 | D:3      | Mangled by an ogre

Illustrated notes

Levels and vault maps discovered:
D:1:      dpeg_arrival_round_c, layout_loops_ring, serial_park_tiny_pond
D:2:      layout_basic, basic_altar, chequers_ecumenical_altar_simple_redux,
          uniq_sigmund
D:3:      layout_loops_ring

Skill      XL: |  1  2  3  4  5 |
---------------+----------------+-----
Axes           | 3 4 6 7 |  7.5
Fighting       | |  3.6
Armour         | |  3.6
Shields        | |  3.6

Action                   |  1- 3 |  4- 6 || total
-------------------------+-------+-------++-------
Melee: War axe           |    58 |    40 ||    98
       Headbutt          |     5 |     3 ||     8
  Use: Scroll            |     4 |     1 ||     5
       Potion            |     1 |     1 ||     2
Armor: Scale mail        |    26 |    16 ||    42
Dodge: Dodged            |    30 |    19 ||    49
Block: Buckler           |    23 |     7 ||    30

Table legend: (Time is in decaauts)
 A = Elapsed time spent in this place.
 B = Non-inter-level travel time spent in this place.
 C = Inter-level travel time spent in this place.
 D = Time resting spent in this place.
 E = Time spent auto-exploring this place.
 F = Levels seen in this place.
 G = Mean time per level.
                   A        B        C        D        E       F      G
               +--------+--------+--------+--------+--------+-----+--------+
         Total |   2345 |   2266 |     79 |      0 |   1920 |   3 |  781.7 |
       Dungeon |   2345 |   2266 |     79 |      0 |   1920 |   3 |  781.7 |
               +--------+--------+--------+--------+--------+-----+--------+

Top non-repeatable levels by time:
     D:1: 1013 daAuts
     D:2: 961 daAuts
     D:3: 369 daAuts
